[Event "Titled Tuesday Blitz July 11 Late 2023"]
[White "Chemin, Justo Reinaldo"]
[Black "Bueno, Alfeu Junior Varela"]
[WhiteFideId "2101580"]
[BlackFideId "2108879"]
[WhiteElo "2261"]
[BlackElo "2441"]
[Result "0-1"]
[Round "8"]
[TimeControl "180+2"]
[Date "2023.07.11"]
[WhiteClock "0:00:00"]
[BlackClock "0:00:42"]
[Board "100"]

1. d4 e6 2. e4 d5 3. exd5 exd5 4. Nf3 Nc6 5. c3 Bg4 6. Qb3 a6 7. Nbd2 Qe7+ 8. Be2 O-O-O 9. h3 Bh5 10. Nf1 Bxf3 11. gxf3 f5 12. f4 Nf6 13. Be3 Ne4 14. O-O-O Nxf2 15. Bxf2 Qxe2 16. Rd2 Qf3 17. Rg1 Qxf4 18. Bg3 Qh6 19. Qc2 g6 20. Kb1 Bd6 21. Qd3 Rhe8 22. h4 Bxg3 23. Qxg3 Re4 24. Qg5 Qxh4 25. Qxh4 Rxh4 26. Ne3 Re4 27. Nc2 Rde8 28. Rh2 R8e7 29. b4 Re2 30. Rxe2 Rxe2 31. Rh1 h5 32. Ne1 f4 33. Nd3 f3 34. Nf4 Re4 35. Nh3 Rh4 0-1


[Site "https://www.chess.com"]

[Event "Titled Tuesday Blitz July 11 Late 2023"]
[White "rikchessmx"]
[Black "Andrews, Todd"]
[BlackFideId "2012456"]
[WhiteElo "2259"]
[BlackElo "2434"]
[Result "1-0"]
[Round "8"]
[TimeControl "180+2"]
[Date "2023.07.11"]
[WhiteClock "0:01:24"]
[BlackClock "0:00:25"]
[Board "101"]

1. e4 e6 2. d4 d5 3. Nc3 Bb4 4. e5 c5 5. a3 Bxc3+ 6. bxc3 Ne7 7. Qg4 Qc7 8. Qxg7 Rg8 9. Qxh7 cxd4 10. Ne2 Nbc6 11. f4 dxc3 12. Qd3 d4 13. g3 Bd7 14. Bg2 Nf5 15. O-O O-O-O 16. h3 f6 17. exf6 e5 18. fxe5 Nxe5 19. Qe4 Nxg3 20. Nxg3 Rxg3 21. Bf4 Bc6 22. Qf5+ Nd7 23. Bxg3 Qxg3 24. Qf2 Qg6 25. Kh2 Rh8 26. Bxc6 bxc6 27. Qg2 Qxg2+ 28. Kxg2 Kc7 29. Rae1 Rf8 30. f7 Kd6 31. h4 c5 32. h5 Ne5 33. Rf6+ Kd5 34. Rf5 d3 35. Rexe5+ Kd4 36. Rd5+ Ke3 37. Rxd3+ Ke2 1-0


[Site "https://www.chess.com"]

[Event "Titled Tuesday Blitz July 11 Late 2023"]
[White "Rios Escobar, Adan"]
[Black "Sarkar, Justin"]
[WhiteFideId "3403645"]
[BlackFideId "2010011"]
[WhiteElo "2433"]
[BlackElo "2258"]
[Result "1-0"]
[Round "8"]
[TimeControl "180+2"]
[Date "2023.07.11"]
[WhiteClock "0:01:14"]
[BlackClock "0:00:00"]
[Board "102"]

1. d4 e6 2. c4 f5 3. g3 Nf6 4. Bg2 Be7 5. Nf3 d5 6. O-O O-O 7. b3 a5 8. Ba3 a4 9. Bxe7 Qxe7 10. Nc3 axb3 11. axb3 Rxa1 12. Qxa1 Ne4 13. cxd5 Nxc3 14. Qxc3 exd5 15. e3 c6 16. Ne5 Nd7 17. f4 Nxe5 18. dxe5 Be6 19. b4 Ra8 20. Rb1 Ra2 21. Bf1 h5 22. Qc5 Qxc5 23. bxc5 Ra7 24. Kg2 Kf7 25. Kh3 g6 26. Kh4 1-0


[Site "https://www.chess.com"]

[Event "Titled Tuesday Blitz July 11 Late 2023"]
[White "Taranenko, Evgueniy"]
[Black "Schachpanda_Youtube"]
[WhiteFideId "14122138"]
[WhiteElo "2433"]
[BlackElo "2238"]
[Result "1-0"]
[Round "8"]
[TimeControl "180+2"]
[Date "2023.07.11"]
[WhiteClock "0:01:27"]
[BlackClock "0:00:03"]
[Board "103"]

1. e4 d6 2. d4 Nf6 3. Nc3 g6 4. f4 Bg7 5. Nf3 c5 6. d5 O-O 7. Bd3 b5 8. Nxb5 c4 9. Bxc4 Nxe4 10. Bd3 Nc5 11. O-O Nbd7 12. c4 Ba6 13. Nbd4 Rc8 14. Be2 Qb6 15. b3 Ne4 16. Be3 Nc3 17. Qd2 Nxe2+ 18. Nxe2 Qc7 19. Bd4 Nf6 20. Ng3 e6 21. dxe6 fxe6 22. Ng5 Rfe8 23. Rae1 Qd7 24. N3e4 Nxe4 25. Nxe4 Bb7 26. Bxg7 Bxe4 27. Rxe4 Qxg7 28. Qxd6 Rcd8 29. Qe5 Rd2 30. Qxg7+ Kxg7 31. Rfe1 Kf6 32. R4e2 Rxe2 33. Rxe2 Rd8 34. g3 Kf5 35. Kf2 h5 36. Rc2 h4 37. c5 h3 38. c6 e5 39. fxe5 Kxe5 40. c7 Rc8 41. Kf3 Kd6 42. Kg4 1-0


[Site "https://www.chess.com"]

[Event "Titled Tuesday Blitz July 11 Late 2023"]
[White "Rodriguez Fontecha, Marcos"]
[Black "Khouri, Ahmed Abbas"]
[WhiteFideId "2256576"]
[BlackFideId "9301518"]
[WhiteElo "2418"]
[BlackElo "2217"]
[Result "1-0"]
[Round "8"]
[TimeControl "180+2"]
[Date "2023.07.11"]
[WhiteClock "0:00:03"]
[BlackClock "0:00:00"]
[Board "104"]

1. e4 d5 2. exd5 Qxd5 3. Nc3 Qd6 4. d4 Nf6 5. g3 c6 6. Bg2 Bg4 7. Nge2 Nbd7 8. Bf4 Qb4 9. O-O e6 10. a3 Qa5 11. b4 Qd8 12. b5 Qc8 13. bxc6 bxc6 14. h3 Bh5 15. g4 Bg6 16. Bg3 Be7 17. Nf4 O-O 18. h4 Nd5 19. Nxg6 hxg6 20. Ne4 f5 21. Nd6 Qd8 22. c4 f4 23. Nb7 Nc3 24. Qd3 Qc8 25. Qxc3 Qxb7 26. Bh2 Bxh4 27. Rab1 Qc8 28. Qh3 g5 29. Be4 Nf6 30. Bc2 e5 31. Bf5 Qa6 32. dxe5 Nh7 33. Qd3 Nf6 34. exf6 Rxf6 35. Rfd1 Raf8 36. c5 Qa4 37. Rb4 Qa5 38. Qb3+ Kh8 39. Qc3 Qa6 40. Kg2 Rxf5 41. gxf5 Qe2 42. Qf3 Qe5 43. Rbd4 Qxf5 44. Qh5+ Kg8 45. Rd8 f3+ 46. Kh1 g6 47. Rxf8+ Kxf8 48. Qh8+ Kf7 49. Qd8 1-0


[Site "https://www.chess.com"]

[Event "Titled Tuesday Blitz July 11 Late 2023"]
[White "Melikhov, Evgeny V."]
[Black "Navyblue1"]
[WhiteFideId "4122046"]
[WhiteElo "2413"]
[BlackElo "1867"]
[Result "1-0"]
[Round "8"]
[TimeControl "180+2"]
[Date "2023.07.11"]
[WhiteClock "0:01:34"]
[BlackClock "0:00:00"]
[Board "105"]

1. d4 Nf6 2. c4 g6 3. Nc3 Bg7 4. e4 d6 5. f3 O-O 6. Be3 c5 7. Nge2 cxd4 8. Nxd4 Nc6 9. Be2 Be6 10. O-O Qc8 11. b3 Bd7 12. Qd2 Rd8 13. Rfc1 b6 14. Rab1 Qb7 15. Bf1 Rac8 16. g3 Ne8 17. Bg2 Nc7 18. f4 Nxd4 19. Bxd4 Bxd4+ 20. Qxd4 Ne6 21. Qe3 Bc6 22. h4 Qa8 23. h5 Re8 24. h6 a5 25. a3 Bb7 26. Bh3 Qa7 27. Bxe6 fxe6 28. Qd4 e5 29. fxe5 e6 30. exd6 Bc6 31. e5 Qd7 32. Ne4 Rf8 33. Nf6+ Rxf6 34. exf6 Kf7 35. Qe5 Bb7 36. Re1 Re8 37. Rb2 Qc6 38. Rh2 Qd7 39. b4 1-0


[Site "https://www.chess.com"]

[Event "Titled Tuesday Blitz July 11 Late 2023"]
[White "gordonzyxu"]
[Black "Papayan, Oleg"]
[BlackFideId "4193911"]
[WhiteElo "1984"]
[BlackElo "2491"]
[Result "1-0"]
[Round "8"]
[TimeControl "180+2"]
[Date "2023.07.11"]
[WhiteClock "0:00:18"]
[BlackClock "0:00:04"]
[Board "106"]

1. e4 Nf6 2. e5 Nd5 3. c4 Nb6 4. d4 d6 5. f4 dxe5 6. fxe5 Bf5 7. Nc3 e6 8. Be3 Bb4 9. Nf3 O-O 10. a3 Bxc3+ 11. bxc3 c5 12. Bd3 Bxd3 13. Qxd3 Nc6 14. O-O h6 15. Rad1 Na5 16. Nd2 Rc8 17. Rc1 Qd7 18. Ne4 Nbxc4 19. Rf3 Nxe5 20. Nf6+ gxf6 21. Rg3+ Kh8 22. Qe4 Ng6 23. Bxh6 Qd5 24. Qg4 Qf5 25. Qe2 Rfd8 26. Rf1 Qd5 27. Rxf6 cxd4 28. Rxf7 dxc3 29. Rxg6 Qd1+ 30. Qxd1 Rxd1+ 31. Kf2 c2 32. Rgg7 Rf1+ 33. Kxf1 c1=Q+ 34. Bxc1 Rxc1+ 35. Kf2 Rc2+ 36. Kg3 Rc3+ 37. Kg4 Rxa3 38. Kg5 Ra2 39. g4 Rxh2 40. Kg6 Rh3 41. Rf8# 1-0


[Site "https://www.chess.com"]

[Event "Titled Tuesday Blitz July 11 Late 2023"]
[White "Campos, Maria Jose"]
[Black "K2JW"]
[WhiteFideId "146803"]
[WhiteElo "2384"]
[BlackElo "2373"]
[Result "0-1"]
[Round "8"]
[TimeControl "180+2"]
[Date "2023.07.11"]
[WhiteClock "0:00:19"]
[BlackClock "0:00:02"]
[Board "107"]

1. c4 e6 2. g3 d5 3. Bg2 Nf6 4. Nf3 Be7 5. O-O O-O 6. Qc2 d4 7. b3 c5 8. d3 Nc6 9. a3 e5 10. Bg5 h6 11. Bxf6 Bxf6 12. Nbd2 Be7 13. Rab1 f5 14. Rfe1 a5 15. e3 dxe3 16. Rxe3 Bf6 17. Rbe1 Be6 18. Nb1 Nd4 19. Nxd4 cxd4 20. R3e2 Rb8 21. b4 axb4 22. axb4 Qd6 23. c5 Qd7 24. Nd2 Bd5 25. Bxd5+ Qxd5 26. Qc4 Rfd8 27. Qxd5+ Rxd5 28. Ra1 b6 29. c6 Rc8 30. Rc1 b5 31. Nf3 Kf7 32. h4 Ke6 33. Ree1 Rd6 34. Rc5 e4 35. dxe4 fxe4 36. Rxe4+ Kf7 37. Ne1 d3 38. Nf3 d2 39. Nxd2 Rxd2 40. Kg2 Rd6 41. c7 Rd7 42. Rxb5 Rcxc7 43. Kh3 Rb7 44. Rxb7 Rxb7 45. g4 Be7 46. Rf4+ Kg8 47. Rf5 Rxb4 48. Re5 Bf6 49. Re6 Rb3+ 50. Kg2 Bxh4 51. Re4 Rb2 52. Rf4 Bg5 53. Rf5 Kh7 54. Rf3 Kg6 55. Rf5 Rb4 56. Kg3 Rxg4+ 57. Kxg4 h5+ 58. Kf3 Kxf5 59. Kg3 Bf4+ 60. Kh3 g5 61. Kg2 g4 62. f3 Ke5 63. Kf2 Kd4 64. Ke2 g3 65. Kf1 Ke3 66. Kg2 h4 67. Kh3 Kf2 68. Kg4 Bb8 69. Kh3 g2 70. f4 g1=Q 71. f5 Qg3# 0-1


[Site "https://www.chess.com"]

[Event "Titled Tuesday Blitz July 11 Late 2023"]
[White "Pesotskiy, Mikhail"]
[Black "kripri"]
[WhiteFideId "34164453"]
[WhiteElo "2383"]
[BlackElo "2330"]
[Result "1/2-1/2"]
[Round "8"]
[TimeControl "180+2"]
[Date "2023.07.11"]
[WhiteClock "0:00:06"]
[BlackClock "0:00:08"]
[Board "108"]

1. d4 d5 2. c4 c6 3. Nf3 Nf6 4. Nbd2 Bf5 5. Nh4 Bg6 6. Qb3 Qb6 7. Qh3 Nbd7 8. Nxg6 fxg6 9. e3 O-O-O 10. c5 Qc7 11. f4 Kb8 12. Bd3 b6 13. b4 Re8 14. O-O Rg8 15. Qe6 Ka8 16. Nf3 Qc8 17. Qh3 Nb8 18. Qh4 e6 19. Bd2 Be7 20. Qh3 Ne4 21. Be1 Bf6 22. Bxe4 dxe4 23. Nd2 bxc5 24. bxc5 Qa6 25. Nxe4 Nd7 26. Bg3 Qd3 27. Nd6 Qxe3+ 28. Kh1 Rb8 29. Rae1 Qxd4 30. Qxe6 Nxc5 31. Qe3 Qxd6 32. f5 Qd4 33. Bxb8 Rxb8 34. Qf3 Qd5 35. Qh3 gxf5 36. Qxh7 Ne4 37. Qxf5 Qxf5 38. Rxf5 Nc3 39. Rf2 Rb1 40. Rxb1 Nxb1 41. g4 Kb7 42. g5 Bd4 43. Rc2 c5 44. Kg2 Na3 45. Rd2 Kc6 46. Kf3 Kd5 47. h4 Nc4 48. Re2 Ne5+ 49. Kf4 c4 50. h5 c3 51. h6 gxh6 52. gxh6 Nc4 53. h7 Nd2 54. Re8 c2 55. Rd8+ Kc4 56. Rxd4+ Kxd4 57. h8=Q+ Kd3 58. Qh3+ Ke2 59. Qc8 Kd1 60. Qc7 c1=Q 61. Qxa7 Nc4+ 62. Kf5 Qc2+ 63. Kf6 Qc3+ 64. Ke6 Qd3 65. Qd7 Qxd7+ 66. Kxd7 Kc2 67. a4 Kb3 68. a5 Nxa5 1/2-1/2


[Site "https://www.chess.com"]

[Event "Titled Tuesday Blitz July 11 Late 2023"]
[White "AndresDelgado77"]
[Black "Omariev, Maksim"]
[BlackFideId "4193423"]
[WhiteElo "2316"]
[BlackElo "2381"]
[Result "0-1"]
[Round "8"]
[TimeControl "180+2"]
[Date "2023.07.11"]
[WhiteClock "0:00:17"]
[BlackClock "0:00:10"]
[Board "109"]

1. d4 Nf6 2. Nc3 d5 3. Bg5 Nbd7 4. Qd3 h6 5. Bh4 c6 6. e4 dxe4 7. Nxe4 Nxe4 8. Qxe4 Qa5+ 9. c3 g5 10. Bg3 Nf6 11. Qe5 Qb6 12. O-O-O Be6 13. c4 Bg7 14. Qc7 Qb4 15. a3 Qb3 16. Nf3 Rc8 17. Qa5 Bf5 18. Nd2 Qc2# 0-1


[Site "https://www.chess.com"]

[Event "Titled Tuesday Blitz July 11 Late 2023"]
[White "Prydun, Andriy"]
[Black "Bazzano, Sebastian"]
[WhiteFideId "14145898"]
[BlackFideId "104566"]
[WhiteElo "2378"]
[BlackElo "2228"]
[Result "1-0"]
[Round "8"]
[TimeControl "180+2"]
[Date "2023.07.11"]
[WhiteClock "0:00:08"]
[BlackClock "0:00:00"]
[Board "110"]

1. d4 Nf6 2. Nd2 d5 3. Ngf3 g6 4. Ne5 Bg7 5. Nd3 O-O 6. Nf3 b6 7. c3 Bb7 8. h3 Nbd7 9. Be3 Ne4 10. Nd2 c5 11. dxc5 bxc5 12. Nxe4 dxe4 13. Nxc5 Nxc5 14. Bxc5 Qc7 15. Be3 Rad8 16. Qc1 f5 17. Bf4 e5 18. Bh2 Qb6 19. e3 f4 20. Bc4+ Kh8 21. O-O f3 22. g4 Qf6 23. Bg3 h5 24. Rd1 hxg4 25. h4 g5 26. h5 Rxd1+ 27. Qxd1 Qh6 28. Qd7 Bc8 29. Qxa7 Qxh5 30. Qc7 Bf5 31. a4 Rf6 32. Qd8+ Rf8 33. Qd6 Qe8 34. a5 Qd8 35. Qxd8 Rxd8 36. a6 Ra8 37. a7 1-0


[Site "https://www.chess.com"]

[Event "Titled Tuesday Blitz July 11 Late 2023"]
[White "Curtis, John"]
[Black "Bobkov, Vadim"]
[WhiteFideId "3200256"]
[BlackFideId "34110876"]
[WhiteElo "2013"]
[BlackElo "2507"]
[Result "1-0"]
[Round "8"]
[TimeControl "180+2"]
[Date "2023.07.11"]
[WhiteClock "0:00:42"]
[BlackClock "0:00:00"]
[Board "111"]

1. d4 d5 2. c4 dxc4 3. e3 Nf6 4. Bxc4 e6 5. Nf3 c5 6. O-O Nc6 7. Nc3 a6 8. dxc5 Qxd1 9. Rxd1 Bxc5 10. a3 b5 11. Bd3 O-O 12. Ne4 Be7 13. Bd2 Rd8 14. Nxf6+ Bxf6 15. Bc3 Bxc3 16. bxc3 Bb7 17. Be4 Na5 18. Bxb7 Nxb7 19. Kf1 f6 20. Rxd8+ Rxd8 21. a4 Rd3 22. axb5 axb5 23. Nd4 Rxc3 24. Nxb5 Rc2 25. Ra8+ Kf7 26. Ra7 1-0


[Site "https://www.chess.com"]

[Event "Titled Tuesday Blitz July 11 Late 2023"]
[White "Kirillov, Dmitry"]
[Black "Miguelitro69"]
[WhiteFideId "34180572"]
[WhiteElo "2521"]
[BlackElo "2301"]
[Result "1-0"]
[Round "8"]
[TimeControl "180+2"]
[Date "2023.07.11"]
[WhiteClock "0:01:42"]
[BlackClock "0:00:14"]
[Board "112"]

1. d4 c5 2. d5 Nf6 3. g4 d6 4. g5 Nfd7 5. h4 h6 6. g6 fxg6 7. Nf3 Ne5 8. Nxe5 dxe5 9. e4 Qd6 10. Nc3 a6 11. a4 Nd7 12. Rg1 b6 13. Be2 Bb7 14. Rxg6 Qc7 15. Be3 O-O-O 16. Bxa6 Bxa6 17. Rc6 Qxc6 18. dxc6 Nf6 19. Qf3 e6 20. Nb5 Be7 21. Qh3 1-0


[Site "https://www.chess.com"]

[Event "Titled Tuesday Blitz July 11 Late 2023"]
[White "Liu, Casper"]
[Black "Elaisaz"]
[WhiteFideId "1454153"]
[WhiteElo "2470"]
[BlackElo "2276"]
[Result "1-0"]
[Round "8"]
[TimeControl "180+2"]
[Date "2023.07.11"]
[WhiteClock "0:01:43"]
[BlackClock "0:01:15"]
[Board "113"]

1. d4 g6 2. c4 Bg7 3. Nc3 d6 4. e4 Nd7 5. h4 h5 6. Be2 Nh6 7. Be3 e5 8. d5 Nf6 9. Qd2 Nhg4 10. Bg5 Bd7 11. f3 Nh6 12. b4 Qe7 13. a4 a5 14. bxa5 Rxa5 15. Nb5 Bxb5 16. Qxa5 Ba6 17. c5 Bxe2 18. Nxe2 dxc5 19. Qb5+ c6 20. dxc6 O-O 21. cxb7 Rb8 22. Rb1 Qc7 23. a5 Nd7 24. a6 1-0


[Site "https://www.chess.com"]

[Event "Titled Tuesday Blitz July 11 Late 2023"]
[White "Luong Phuong Hanh"]
[Black "Ardila, Oscar Humberto"]
[WhiteFideId "12401013"]
[BlackFideId "4404742"]
[WhiteElo "2446"]
[BlackElo "2275"]
[Result "1-0"]
[Round "8"]
[TimeControl "180+2"]
[Date "2023.07.11"]
[WhiteClock "0:02:19"]
[BlackClock "0:01:46"]
[Board "114"]

1. d4 Nf6 2. Nf3 g6 3. g3 Bg7 4. Bg2 O-O 5. O-O d6 6. a4 Nbd7 7. a5 a6 8. Nc3 e5 9. dxe5 dxe5 10. e4 Re8 11. h3 c6 12. Qe2 Qc7 13. Rd1 Nc5 14. Be3 Ne6 15. Bb6 Qb8 16. Na4 Nd7 17. Qc4 Nxb6 18. axb6 Nd4 19. Nc5 Be6 20. Nxe6 Nxe6 21. Rd7 Qc8 22. Rad1 Nd4 23. Qxf7+ Kh8 24. Qxg7# 1-0


[Site "https://www.chess.com"]

[Event "Titled Tuesday Blitz July 11 Late 2023"]
[White "arturdailima"]
[Black "Pein, Jonathan"]
[BlackFideId "417092"]
[WhiteElo "2246"]
[BlackElo "2433"]
[Result "0-1"]
[Round "8"]
[TimeControl "180+2"]
[Date "2023.07.11"]
[WhiteClock "0:00:58"]
[BlackClock "0:00:23"]
[Board "115"]

1. e4 e6 2. d4 d5 3. Nd2 dxe4 4. Nxe4 Bd7 5. Nf3 Bc6 6. Bd3 Nd7 7. O-O Ngf6 8. Ned2 Bd6 9. Qe2 O-O 10. c3 Re8 11. Ne5 Bxe5 12. dxe5 Nxe5 13. Bxh7+ Nxh7 14. Qxe5 Qd6 15. Qe2 Rad8 16. Nc4 Qd5 17. Ne3 Qg5 18. Qg4 b6 19. h4 Qxg4 20. Nxg4 a5 21. Bf4 Bb5 22. Rfe1 Rc8 23. Rad1 f6 24. Be3 e5 25. Bc1 Nf8 26. h5 Rcd8 27. Rxd8 Rxd8 28. h6 Bd7 29. hxg7 Kxg7 30. Nh2 a4 31. Rd1 Kf7 32. Nf3 Ne6 33. Be3 Bc6 34. Rxd8 Nxd8 35. Nd2 f5 36. f3 Ne6 37. Nc4 Kf6 38. Kf2 Bd5 39. Nd2 f4 40. c4 fxe3+ 41. Kxe3 Bc6 42. g3 Nd4 43. b4 Nc2+ 44. Kd3 Nxb4+ 45. Kc3 Nxa2+ 46. Kb2 Nb4 47. Kc3 Na6 48. f4 e4 49. Kd4 Nc5 50. g4 a3 51. Kc3 e3 0-1


[Site "https://www.chess.com"]

[Event "Titled Tuesday Blitz July 11 Late 2023"]
[White "Quirke, Jeffrey"]
[Black "KorolDimitriy75"]
[WhiteFideId "2013029"]
[WhiteElo "2241"]
[BlackElo "2420"]
[Result "1-0"]
[Round "8"]
[TimeControl "180+2"]
[Date "2023.07.11"]
[WhiteClock "0:00:56"]
[BlackClock "0:00:00"]
[Board "116"]

1. c4 c5 2. g3 g6 3. Bg2 Bg7 4. Nc3 Nc6 5. e3 Nh6 6. h4 d6 7. h5 Bd7 8. Nge2 Nf5 9. d3 h6 10. hxg6 fxg6 11. g4 e5 12. gxf5 Bxf5 13. Ng3 Be6 14. Nge4 Qd7 15. a3 O-O-O 16. Bd2 Kb8 17. Qa4 Rhf8 18. b4 b6 19. bxc5 dxc5 20. Nxc5 bxc5 21. Qxc6 Qxc6 22. Bxc6 Rxd3 23. Nd5 e4 24. Rb1+ Kc8 25. Rb7 Rxa3 26. Rc7+ Kd8 27. Rxg7 1-0


[Site "https://www.chess.com"]

[Event "Titled Tuesday Blitz July 11 Late 2023"]
[White "Srdanovic, Jovana"]
[Black "Kohler, Aran"]
[WhiteFideId "954810"]
[BlackFideId "1002856"]
[WhiteElo "2407"]
[BlackElo "2240"]
[Result "1-0"]
[Round "8"]
[TimeControl "180+2"]
[Date "2023.07.11"]
[WhiteClock "0:01:07"]
[BlackClock "0:01:29"]
[Board "117"]

1. d4 d5 2. c4 c6 3. Nf3 Nf6 4. Nc3 e6 5. Bg5 dxc4 6. a4 Bb4 7. e4 Qa5 8. Bd2 Bxc3 9. Bxc3 Qc7 10. e5 Nd5 11. Bxc4 Nxc3 12. bxc3 O-O 13. O-O b6 14. Bd3 Ba6 15. Bxh7+ Kxh7 16. Ng5+ Kg6 17. Qg4 f5 18. exf6 Kxf6 19. Nxe6 Qd7 20. Rfe1 Bc8 21. Qg5+ Kf7 22. Qxg7+ 1-0


[Site "https://www.chess.com"]

[Event "Titled Tuesday Blitz July 11 Late 2023"]
[White "Alexikov, Alexander"]
[Black "Haitin, Ilja"]
[WhiteFideId "14103958"]
[BlackFideId "4501764"]
[WhiteElo "2230"]
[BlackElo "2391"]
[Result "0-1"]
[Round "8"]
[TimeControl "180+2"]
[Date "2023.07.11"]
[WhiteClock "0:00:00"]
[BlackClock "0:01:42"]
[Board "118"]

1. e4 e6 2. d4 d5 3. Nc3 Be7 4. Nf3 Nf6 5. e5 Nfd7 6. Bd3 c5 7. dxc5 Nxc5 8. Bf4 Nc6 9. O-O Nxd3 10. cxd3 O-O 11. a3 f6 12. Qd2 Bd7 13. d4 Na5 14. exf6 Bxf6 15. Rab1 Nc4 16. Qe2 Qb6 17. Rfe1 Rae8 18. Bg3 Bxd4 19. Nxd4 Qxd4 20. a4 Qf6 21. Nb5 Bxb5 22. axb5 Qf5 23. b3 Nb6 0-1


[Site "https://www.chess.com"]

[Event "Titled Tuesday Blitz July 11 Late 2023"]
[White "Broca Jimenez, Fernando"]
[Black "Lopez Gracia, Fernando"]
[WhiteFideId "5104742"]
[BlackFideId "2207184"]
[WhiteElo "2228"]
[BlackElo "2388"]
[Result "0-1"]
[Round "8"]
[TimeControl "180+2"]
[Date "2023.07.11"]
[WhiteClock "0:00:06"]
[BlackClock "0:00:54"]
[Board "119"]

1. Nf3 Nf6 2. b3 d5 3. Bb2 c5 4. g3 Nc6 5. Bg2 Qc7 6. d3 e5 7. Nbd2 Be6 8. e4 d4 9. O-O h6 10. Nh4 g6 11. f4 exf4 12. gxf4 Be7 13. f5 gxf5 14. Nxf5 O-O-O 15. Nxe7+ Nxe7 16. Rxf6 Rhg8 17. Kh1 Rxg2 18. Kxg2 Rg8+ 19. Kh1 Nf5 20. exf5 Bd5+ 21. Ne4 Qe5 22. Qf3 Qxf6 23. Rg1 Re8 24. Kg2 Qc6 25. Re1 Rg8+ 26. Kf2 Qc7 27. Qh3 Kb8 28. c3 Qf4+ 29. Ke2 Bxe4 30. dxe4 Qxe4+ 31. Kd1 Qb1+ 32. Bc1 dxc3 33. Qxc3 Rd8+ 34. Ke2 Qxa2+ 35. Kf1 Qxh2 36. Bf4+ Qxf4+ 37. Kg2 Rg8+ 38. Kh3 Qg4+ 39. Kh2 Qg2# 0-1


[Site "https://www.chess.com"]

[Event "Titled Tuesday Blitz July 11 Late 2023"]
[White "Prieto Aranguren, Alain"]
[Black "Kopacz, Grzegorz"]
[WhiteFideId "2268906"]
[BlackFideId "1109880"]
[WhiteElo "2372"]
[BlackElo "2223"]
[Result "1-0"]
[Round "8"]
[TimeControl "180+2"]
[Date "2023.07.11"]
[WhiteClock "0:02:30"]
[BlackClock "0:02:11"]
[Board "120"]

1. e4 c5 2. Nf3 Nc6 3. Bb5 g6 4. c3 Bg7 5. O-O e6 6. d4 cxd4 7. cxd4 Nge7 8. d5 Ne5 9. Nxe5 Bxe5 10. f4 Bd4+ 11. Qxd4 O-O 12. d6 Nc6 13. Bxc6 dxc6 1-0


[Site "https://www.chess.com"]

[Event "Titled Tuesday Blitz July 11 Late 2023"]
[White "Osmonbekov, Talaibek"]
[Black "Davidson, Kevin"]
[WhiteFideId "2017253"]
[BlackFideId "2056810"]
[WhiteElo "2212"]
[BlackElo "2366"]
[Result "1-0"]
[Round "8"]
[TimeControl "180+2"]
[Date "2023.07.11"]
[WhiteClock "0:00:09"]
[BlackClock "0:00:00"]
[Board "121"]

1. d4 Nf6 2. Nc3 d5 3. Bf4 a6 4. e3 e6 5. Nf3 c5 6. dxc5 Bxc5 7. Bd3 Nc6 8. O-O O-O 9. e4 dxe4 10. Nxe4 Be7 11. Qe2 Nb4 12. Rad1 Nxd3 13. Rxd3 Qa5 14. a3 Qf5 15. Nxf6+ Bxf6 16. Bd6 Re8 17. Re1 Bd7 18. Be5 Bb5 19. Nd4 Qxe5 20. Qxe5 Bxe5 21. Nxb5 Bxh2+ 22. Kxh2 axb5 23. Re5 Rec8 24. c3 Ra5 25. Rd7 g6 26. Rxb7 Rc4 27. Rexb5 Rxb5 28. Rxb5 Re4 29. Rb4 Re2 30. Kg3 f5 31. a4 Kg7 32. a5 Kf6 33. a6 Re1 34. Ra4 1-0


[Site "https://www.chess.com"]

[Event "Titled Tuesday Blitz July 11 Late 2023"]
[White "Thiel, Thomas"]
[Black "micke12a"]
[WhiteFideId "4615964"]
[WhiteElo "2210"]
[BlackElo "2365"]
[Result "1-0"]
[Round "8"]
[TimeControl "180+2"]
[Date "2023.07.11"]
[WhiteClock "0:00:43"]
[BlackClock "0:00:02"]
[Board "122"]

1. e4 c5 2. Nc3 d6 3. f4 g6 4. Nf3 Bg7 5. Bc4 Nc6 6. O-O e6 7. f5 Nf6 8. fxe6 fxe6 9. d3 O-O 10. e5 Ng4 11. exd6 Qxd6 12. Ne4 Bd4+ 13. Kh1 Qc7 14. g3 Bd7 15. Nfg5 Rxf1+ 16. Qxf1 Rf8 17. Bf4 Be5 18. Nxe6 Bxe6 19. Bxe6+ Kg7 20. Bxg4 Bxf4 21. gxf4 Rxf4 22. Qh3 Ne5 23. Be2 c4 24. Rf1 Rxf1+ 25. Qxf1 cxd3 26. Qf6+ Kg8 27. Bxd3 Nxd3 28. cxd3 Qc1+ 29. Kg2 Qc2+ 30. Nf2 Qa4 31. Qd8+ Kg7 32. Qc7+ Kg8 33. Qb8+ Kg7 34. Qxb7+ Kh6 35. a3 a5 36. Qe4 Qd7 37. Qf4+ g5 38. Qf6+ Kh5 39. Qf3+ Kg6 40. Ne4 Qd4 41. Qf6+ Qxf6 42. Nxf6 Kxf6 43. b4 a4 44. Kf3 h5 45. d4 Ke6 46. b5 Kd5 47. Kg3 Kd6 48. Kf2 Kd5 49. Kg2 Kd6 50. Kf3 Kd5 51. Ke3 Kd6 52. Ke4 Ke6 53. d5+ Kd6 54. b6 Kd7 55. Kf5 g4 56. Kg5 h4 57. Kxg4 Kd6 58. Kxh4 Kd7 1-0


[Site "https://www.chess.com"]

[Event "Titled Tuesday Blitz July 11 Late 2023"]
[White "Cardenas Carbajal, Nilson"]
[Black "cedchass2006"]
[WhiteFideId "8401128"]
[WhiteElo "2170"]
[BlackElo "2356"]
[Result "1-0"]
[Round "8"]
[TimeControl "180+2"]
[Date "2023.07.11"]
[WhiteClock "0:00:22"]
[BlackClock "0:00:03"]
[Board "123"]

1. e4 e5 2. Nf3 Nc6 3. Bc4 Bc5 4. c3 Nf6 5. d4 exd4 6. cxd4 Bb4+ 7. Nc3 Nxe4 8. O-O Bxc3 9. d5 Bf6 10. Re1 O-O 11. Rxe4 Ne7 12. d6 cxd6 13. Qxd6 Nf5 14. Qd5 d6 15. Bg5 Bxg5 16. Nxg5 Be6 17. Nxe6 fxe6 18. Rxe6 Kh8 19. Rae1 Qb6 20. R6e2 Nd4 21. Rd2 Rae8 22. Rxe8 Rxe8 23. Qxd4 Re1+ 24. Bf1 Qb5 25. Qd3 Qa6 26. Qxa6 bxa6 27. Rxd6 h6 28. Rxa6 Rb1 29. b3 h5 30. Rxa7 Kh7 31. g3 Kh6 32. Kg2 Rb2 33. Bc4 g6 34. Ra6 h4 35. h3 hxg3 36. Kxg3 Rd2 37. a4 Rd4 38. a5 Rd2 39. Rb6 Kg5 40. Rb5+ Kf6 41. a6 Ra2 42. Rb7 Ke5 43. a7 Kd4 44. Rd7+ Kc5 45. Bd5 Ra3 46. Bf3 g5 47. a8=Q Rxa8 48. Bxa8 g4 49. hxg4 Kb6 50. Be4 Kc5 51. Rd5+ Kb6 52. g5 Ka7 53. g6 Kb8 54. g7 Kb7 55. g8=Q Kb6 56. Qg6+ Ka7 57. Rd7+ Kb8 58. Qe8# 1-0


[Site "https://www.chess.com"]

[Event "Titled Tuesday Blitz July 11 Late 2023"]
[White "Vila Dupla, Aurelio"]
[Black "Cluke86"]
[WhiteFideId "2203383"]
[WhiteElo "2168"]
[BlackElo "2348"]
[Result "1-0"]
[Round "8"]
[TimeControl "180+2"]
[Date "2023.07.11"]
[WhiteClock "0:00:08"]
[BlackClock "0:00:05"]
[Board "124"]

1. Nf3 Nf6 2. d4 d5 3. c4 c6 4. cxd5 cxd5 5. Nc3 Nc6 6. Bf4 e5 7. Nxe5 Qb6 8. Nxc6 bxc6 9. Rb1 Bf5 10. Rc1 Qxb2 11. Qa4 Kd7 12. Nxd5 Qxc1+ 13. Bxc1 Nxd5 14. f3 Bb4+ 15. Bd2 Bxd2+ 16. Kxd2 Rhb8 17. e4 Rb2+ 18. Ke1 Rab8 19. exd5 Rc2 20. Be2 Rb1+ 21. Bd1 Rcc1 22. Kf2 Rb2+ 23. Kg3 h5 24. dxc6+ Kc7 25. Qxa7+ Kxc6 26. Ba4+ Kd6 27. Rxc1 h4+ 28. Kxh4 Rxg2 29. Qc5+ Ke6 30. Qe5# 1-0


[Site "https://www.chess.com"]